 Dungeon Crawl Stone Soup version 0.26-a0-846-gcc8f1ee719 (webtiles) character file.

Game seed: 17940468851038715969

214 robertstho the Chopper (level 5, 0/48 HPs)
             Began as a Palentonga Fighter on Nov 19, 2020.
             Hit by a boomerang thrown by an orc (6 damage)
             ... on level 3 of the Dungeon.
             The game lasted 00:01:55 (2053 turns).

robertstho the Chopper (Palentonga Fighter)         Turns: 2053, Time: 00:01:56

Health: 0/48       AC:  6    Str: 20    XL:     5   Next: 59%
Magic:  5/5        EV:  5    Int:  8    God:
Gold:   76         SH:  9    Dex: 10    Spells: 4/4 levels left

rFire    . . .     SeeInvis +   a - +0 war axe
rCold    . . .     Faith    .   c - +0 kite shield
rNeg     . . .     Spirit   .   b - +0 scale mail
rPois    .         Reflect  .   (no helmet)
rElec    .         Harm     .   (no cloak)
rCorr    .         Rampage  .   (no gloves)
MR       .....     Rnd*Tele +   (no barding)
Stlth    ..........             (no amulet)
HPRegen  0.16/turn              m - ring of wizardry
MPRegen  0.09/turn              q - ring of teleportation (curse)

@: mighty, lethally poisoned (0 -> -1)
A: large, rugged brown scales 3, see invisible, deformed body, roll 1, armoured
tail
a: Rolling Charge


You were on level 3 of the Dungeon.
You visited 1 branch of the dungeon, and saw 3 of its levels.

You collected 76 gold pieces.

Inventory:

Hand Weapons
 a - a +0 war axe (weapon)
Armour
 b - a +0 scale mail (worn)
 c - a +0 kite shield (worn)
Jewellery
 m - a ring of wizardry (left hand)
 q - a cursed ring of teleportation (right hand)
 s - an uncursed amulet of the acrobat {unknown}
Scrolls
 e - a scroll of amnesia {unknown}
 f - a scroll of enchant armour {unknown}
 h - a scroll of identify {unknown}
 k - a scroll of blinking {unknown}
 n - a scroll of magic mapping {unknown}
 o - 3 scrolls of teleportation {unknown}
 t - a scroll of remove curse {unknown}
Potions
 g - a potion of attraction {unknown}
 i - a potion of cancellation {unknown}
 j - a potion of magic {unknown}
 l - a potion of flight {unknown}
 p - a potion of berserk rage {unknown}
 r - a potion of heal wounds {unknown}


   Skills:
 + Level 3.6 Fighting
 + Level 3.8 Axes
 + Level 3.3 Armour
 + Level 0.5 Dodging
 + Level 3.2 Shields


You had 4 spell levels left.
You didn't know any spells.
Your spell library was empty.

Dungeon Overview and Level Annotations

Branches:
Dungeon (3/15)

Altars:
Ru


Innate Abilities, Weirdness & Mutations

You are completely covered in rugged brown scales. (AC +3, +7% HP)
You have supernaturally acute eyesight. (SInv)
Armour fits poorly on your strangely shaped body.
You can roll at nearby foes to attack.
You have a long armoured tail.


Message History

The orc wizard hits you but does no damage.
The adder bites you.
* * * LOW HITPOINT WARNING * * *
You are poisoned.
The adder poisons you! The orc hits you with a +0 falchion.
* * * LOW HITPOINT WARNING * * *
The orc wizard hits you but does no damage.
The adder barely misses you.
The orc throws a boomerang.
The boomerang hits you but does no damage.
The weapon returns to the orc!
Your shield prevents you from hitting the adder.
The adder is almost dead.
You hit the orc.
You kill the orc!
You hit the orc wizard but do no damage.
You feel sick.
The orc wizard hits you but does no damage.
The adder bites you but does no damage. You block the orc wizard's attack.
The orc throws a boomerang.
The boomerang hits you.
You die...

#... #... ## #####
#... (# #...# .
#...####.####...# ..
#...............#
...#.......# #.<.#
.... #))..# #...####
#..#)...### #.)....##
#.o)@.....###........
#...Sog###.##....#####
........## #..#.####
........# ##...#
......... #..##
......##. ##.# .....#
. ... ..... .. #.##.
#. ..


You could see an orc wizard (fast), an adder, an orc and a hobgoblin.

Vanquished Creatures
  A scorpion (D:2)
  A hound (D:3)
  Terence (D:2)
  4 adders (D:2)
  2 dart slugs (D:1)
  4 leopard geckos
  6 orcs (D:3)
  3 ball pythons (D:1)
  6 bats
  5 giant cockroaches
  3 goblins
  5 hobgoblins (D:1)
  3 jackals (D:2)
  7 kobolds
  2 frilled lizards (D:1)
  5 rats
58 creatures vanquished.

Notes
Turn   | Place    | Note
-------+----------+-------------------------------------------
     0 | D:1      | robertstho the Palentonga Fighter began the quest for the
                  | Orb.
     0 | D:1      | Reached XP level 1. HP: 20/20 MP: 1/1
   137 | D:1      | Reached XP level 2. HP: 25/27 MP: 2/2
   830 | D:1      | Reached XP level 3. HP: 33/33 MP: 3/3
  1433 | D:2      | Reached XP level 4. HP: 25/40 MP: 4/4
  1822 | D:2      | Reached XP level 5. HP: 48/48 MP: 5/5
  1907 | D:2      | Found a sacrificial altar of Ru.
  1992 | D:2      | Noticed Terence
  1997 | D:2      | Killed Terence
  2053 | D:3      | Hit by a boomerang thrown by an orc

Illustrated notes

Levels and vault maps discovered:
D:1:      nicolae_arrival_memento_mori, layout_basic
D:2:      layout_loops_cross, nicolae_ru_awakened_eye, uniq_terence
D:3:      layout_rooms, old_standard_altar, tgw_trog

Skill      XL: |  1  2  3  4 |
---------------+-------------+-----
Axes           | 3 |  3.8
Armour         | 3 |  3.3
Shields        | 3 |  3.2
Fighting       | |  3.6
Dodging        | |  0.5

Action                   |  1- 3 |  4- 6 || total
-------------------------+-------+-------++-------
Melee: War axe           |   130 |    59 ||   189
       Tailslap          |    10 |     4 ||    14
 Abil: Rolling Charge    |     3 |       ||     3
  Use: Potion            |       |     1 ||     1
Armor: Scale mail        |    85 |    40 ||   125
Dodge: Dodged            |    31 |    11 ||    42
Block: Kite shield       |    79 |    39 ||   118

Table legend: (Time is in decaauts)
 A = Elapsed time spent in this place.
 B = Non-inter-level travel time spent in this place.
 C = Inter-level travel time spent in this place.
 D = Time resting spent in this place.
 E = Time spent auto-exploring this place.
 F = Levels seen in this place.
 G = Mean time per level.
                   A        B        C        D        E       F      G
               +--------+--------+--------+--------+--------+-----+--------+
         Total |   2136 |   2109 |     27 |      0 |   1688 |   3 |  712.0 |
       Dungeon |   2136 |   2109 |     27 |      0 |   1688 |   3 |  712.0 |
               +--------+--------+--------+--------+--------+-----+--------+

Top non-repeatable levels by time:
     D:2: 1047 daAuts
     D:1: 1042 daAuts
     D:3: 46 daAuts
